 Dungeon Crawl Stone Soup version 0.31-a0-1603-gbec6b6ccbf (webtiles) character file.

Game seed: 10720331766413086248

1093 jasper the Changeling (level 8, -10/42 HPs)
             Began as a Spriggan Shapeshifter on Jan 7, 2024.
             Was a Believer of Makhleb.
             Killed from afar by an orc wizard (11 damage)
             ... with a magic dart
             ... on level 5 of the Dungeon.
             The game lasted 00:05:54 (4396 turns).

jasper the Changeling (Spriggan Shapeshifter)       Turns: 4396, Time: 00:05:55

Health: -10/42     AC:  2    Str: 10    XL:     8   Next: 9%
Magic:  9/9        EV: 21    Int: 11    God:    Makhleb [**....]
Gold:   312        SH:  0    Dex: 17    Spells: 7/7 levels left

rFire   . . .        k - +0 arbalest
rCold   . . .        (shield currently unavailable)
rNeg    . . .        a - +0 animal skin
rPois   .            (helmet currently unavailable)
rElec   .            (cloak currently unavailable)
rCorr   .            (gloves unavailable)
SInv    +            (boots unavailable)
Will    ++...        (no amulet)
Stlth   ++           o - ring of willpower
HPRegen 0.27/turn    (no ring)
MPRegen 0.11/turn

%: no passive effects
@: beast-form, very quick
A: beast (slay +4), very small, no large weapons, unfitting armour, see
invisible, speed 3
a: Begin Untransformation, Renounce Religion, Minor Destruction


You were on level 5 of the Dungeon.
You worshipped Makhleb.
Makhleb was pleased with you.
You were a hulking beast.
You visited 1 branch of the dungeon, and saw 5 of its levels.
You also visited: Sewer.

You collected 312 gold pieces.

Inventory:

Hand Weapons
 k - a +0 arbalest (weapon)
Missiles
 h - 40 stones
 m - 4 boomerangs
Armour
 a - a +0 animal skin (worn)
Jewellery
 o - a ring of willpower (left hand)
Talismans
 c - a beast talisman
 d - a flux talisman
Wands
 p - a wand of iceblast (10)
 s - a wand of paralysis (4)
Scrolls
 f - 6 scrolls of teleportation
Potions
 b - 3 potions of lignification
 e - 2 potions of degeneration
 g - 2 potions of heal wounds
 i - a potion of berserk rage
 j - 4 potions of curing
 l - 3 potions of magic
 n - 3 potions of haste {unknown}
 q - a potion of mutation {unknown}
 r - a potion of brilliance {unknown}
 t - a potion of attraction {unknown}
 u - a potion of might {unknown}


   Skills:
 + Level 3.9 Fighting
 + Level 6.6 Dodging
 * Level 4.6 Unarmed Combat
 - Level 7.0 Shapeshifting


You had 7 spell levels left.
You didn't know any spells.
Your spell library contained the following spells:

 Spells                   Type           Power      Damage    Failure   Level
 Freeze                   Ice            0%         1d3       34%         1
 Magic Dart               Conj           0%         1d3       34%         1
 Searing Ray              Conj           0%         2d4       47%         2
 Call Canine Familiar     Summ           0%         N/A       71%         3
 Frozen Ramparts          Ice            0%         1d1       71%         3
 Hailstorm                Conj/Ice       0%         3d5       71%         3
 Sigil of Binding         Hex            0%         N/A       71%         3
 Dimensional Bullseye     Hex/Tloc       0%         N/A       98%         4
 Fulminant Prism          Conj/Alch      0%         3d5       98%         4


Dungeon Overview and Level Annotations

Branches:
Dungeon (5/15)             Temple (0/1) D:5           Sewer (visited)

Altars:
Cheibriados
Gozag
Makhleb

Annotations:
D:4 1 runed translucent door, Crazy Yiuf


Innate Abilities, Weirdness & Mutations

You are a hulking beast.
Your limbs bulge with bestial killing power. (Slay +4)
You are very small and have problems with some larger weapons.
You are too small for most types of armour.
You have supernaturally acute eyesight. (SInv)
You cover ground extremely quickly. (Speed+++)


Message History

You kill the orc!
Makhleb accepts your kill. The orc wizard casts a spell at you.
The puff of flame hits you!
You take 7 damage, and have 17/42 hp.
Fire: k) +0 arbalest
Press: ? - help, Q - select action, (/) - cycle Shift-Dir - straight line, f - orc wizard
Aim: an orc wizard, wielding a +0 dagger and wearing a +0 robe (moderately wounded, slightly transparent, 53% to hit)
You shoot a bolt. The bolt closely misses the orc wizard.
The orc wizard hits you with a +0 dagger.
The orc wizard barely misses you.
You take 2 damage, and have 15/42 hp.
Fire: k) +0 arbalest
Press: ? - help, Q - select action, (/) - cycle Shift-Dir - straight line, f/p - orc wizard
Aim: an orc wizard, wielding a +0 dagger and wearing a +0 robe (moderately wounded, slightly transparent, 53% to hit)
You shoot a bolt. The bolt barely misses the orc wizard.
The orc wizard closely misses you. The orc wizard barely misses you.
Fire: k) +0 arbalest
Press: ? - help, Q - select action, (/) - cycle Shift-Dir - straight line, f/p - orc wizard
Aim: an orc wizard, wielding a +0 dagger and wearing a +0 robe (moderately wounded, slightly transparent, 53% to hit)
You shoot a bolt. The bolt barely misses the orc wizard.
The orc wizard misses you.
Fire: k) +0 arbalest
Press: ? - help, Q - select action, (/) - cycle Shift-Dir - straight line, f/p - orc wizard
Aim: an orc wizard, wielding a +0 dagger and wearing a +0 robe (moderately wounded, slightly transparent, 53% to hit)
You shoot a bolt. The bolt hits the orc wizard!
The orc wizard is severely wounded.
The orc wizard casts a spell at you. The puff of flame hits you!
* * * LOW HITPOINT WARNING * * *
The orc wizard hits you with a +0 dagger.
* * * LOW HITPOINT WARNING * * *
You take 15 damage, and have 1/42 hp.
MASSIVE DAMAGE!!
Fire: k) +0 arbalest
Press: ? - help, Q - select action, (/) - cycle Shift-Dir - straight line, f/p - orc wizard
Aim: an orc wizard, wielding a +0 dagger and wearing a +0 robe (severely wounded, slightly transparent, 53% to hit)
You shoot a bolt. The bolt barely misses the orc wizard.
The orc wizard points at you and mumbles some strange words.
The magic dart hits you!
You die...

.................'....#######
....)............#....##<..##
.....)...........#.....>....#
#...##...#########....##....#
#...##...##...####....##....#
#...##......................#
#...##..................)...# #
....#.......................# #
....############h)....##...######
....# ..##...##o.....##...##...#
##### ..o....#........#.........
.).....#.)......#.........
.....#........#.........
#.).##......##...##..##
..##.?.##......##...##..##
......o.........#......... #
..$.............#.........


You could see an orc wizard (invisible).

Vanquished Creatures
  A black bear (D:4)
  2 ogres (D:5)
  A kobold brigand (D:5)
  2 scorpions
  2 hounds (D:5)
  2 bombardier beetles
  3 orc priests (D:5)
  6 jellies
  An iguana (D:5)
  An orc wizard (D:3)
  7 adders
  5 dart slugs
  2 ribbon worms
  12 orcs
  5 bats
  21 endoplasms
  5 giant cockroaches
  9 goblins
  10 hobgoblins
  2 jackals (D:4)
  8 kobolds
  4 quokkas
  11 ball pythons
  5 frilled lizards
  11 rats
138 creatures vanquished.

Notes
Turn   | Place    | Note
-------+----------+-------------------------------------------
     0 | D:1      | jasper the Spriggan Shapeshifter began the quest for the
                  | Orb.
     0 | D:1      | Reached XP level 1. HP: 9/9 MP: 2/2
   140 | D:1      | Reached XP level 2. HP: 14/14 MP: 3/3
   383 | D:1      | Reached skill level 5 in Shapeshifting
   648 | D:1      | Reached XP level 3. HP: 17/17 MP: 4/4
  1553 | D:2      | Reached skill level 6 in Shapeshifting
  1715 | D:2      | Found an opulent altar of Gozag.
  1991 | D:3      | Reached XP level 4. HP: 17/21 MP: 5/5
  2157 | D:3      | Found a snail-covered altar of Cheibriados.
  2162 | D:3      | Reached skill level 7 in Shapeshifting
  2162 | D:3      | Reached XP level 5. HP: 25/25 MP: 6/6
  2323 | D:3      | Reached skill level 1 in Fighting
  2535 | D:3      | Found a burning altar of Makhleb.
  2550 | D:3      | Became a worshipper of Makhleb the Destroyer
  2722 | D:4      | Noticed a black bear
  2736 | D:4      | Killed a black bear
  2785 | D:4      | Reached XP level 6. HP: 27/30 MP: 7/7
  2906 | D:4      | Found a glowing drain.
  2916 | Sewer    | Entered a sewer
  2955 | Sewer    | Reached * piety under Makhleb
  3055 | Sewer    | Found a viscous altar of Jiyva.
  3383 | D:4      | Found a runed translucent door.
  3384 | D:4      | Noticed Crazy Yiuf
  3454 | D:4      | Reached ** piety under Makhleb
  3470 | D:4      | Reached skill level 5 in Dodging
  3470 | D:4      | Reached XP level 7. HP: 25/35 MP: 8/8
  3692 | D:5      | Entered Level 5 of the Dungeon
  4050 | D:5      | Found a staircase to the Ecumenical Temple.
  4169 | D:5      | Reached XP level 8. HP: 42/42 MP: 9/9
  4395 | D:5      | HP: 1/42 [orc wizard/+0 dagger (3)]
  4396 | D:5      | Killed from afar by an orc wizard

Illustrated notes

Levels and vault maps discovered:
D:1:      wander_arrival_fairy_ring, layout_basic, minivault_14,
          minmay_tetromino_t4
D:2:      layout_loops_corners, basic_altar
D:3:      layout_basic, slow_altar_1, bloody_makhleb
D:4:      layout_cave_pools, portal_sewer_entry_b, minmay_misc_feat_square,
          st_stairs_9, uniq_crazy_yiuf_cottage
D:5:      layout_gridville, minmay_temple_entry_glassed_door, fountainhead,
          grunt_ministairs_3

Skill      XL: |  1  2  3  4  5  6  7 |
---------------+----------------------+-----
Shapeshifting  | 5 6 7 |  7.0
Fighting       | 1 2 3 |  3.9
Dodging        | 3 5 6 |  6.6
Unarmed Combat | 3 4 |  4.6

Action                     |  1- 3 |  4- 6 |  7- 9 || total
---------------------------+-------+-------+-------++-------
  Melee: Unarmed           |    81 |       |       ||    81
   Fire: Arbalest          |    38 |   145 |    57 ||   240
  Throw: Stone             |     4 |       |       ||     4
    Use: Scroll            |     6 |     3 |     3 ||    12
   Stab: Sleeping          |     1 |       |       ||     1
 Armour: Animal skin       |    26 |    19 |    16 ||    61
  Dodge: Dodged            |    74 |    68 |    25 ||   167

Table legend: (Time is in decaauts)
 A = Elapsed time spent in this place.
 B = Non-inter-level travel time spent in this place.
 C = Inter-level travel time spent in this place.
 D = Time resting spent in this place.
 E = Time spent auto-exploring this place.
 F = Levels seen in this place.
 G = Mean time per level.
                   A        B        C        D        E       F      G
               +--------+--------+--------+--------+--------+-----+--------+
         Total |   3286 |   3210 |     76 |    137 |   2243 |   6 |  547.7 |
       Dungeon |   3055 |   2979 |     76 |    137 |   2148 |   5 |  611.0 |
         Sewer |    231 |    231 |      0 |      0 |     95 |   1 |  231.0 |
               +--------+--------+--------+--------+--------+-----+--------+

Top non-repeatable levels by time:
     D:1: 737 daAuts
     D:2: 644 daAuts
     D:5: 584 daAuts
     D:4: 567 daAuts
     D:3: 521 daAuts
   Sewer: 231 daAuts
